3L
HOUSTON 1837 BBC @ GREENVILLE 84S
05/31/2034
 
TOP OF THE 1ST
Houston 1837 BBC batting - Pitching for Greenville 84s : RHP Júlio Valenzuela
Pitching: RHP Júlio Valenzuela
Batting: LHB Mike Houston 0-0: Called Strike
0-1: Ground out U3 (Groundball, 3)
Batting: RHB Phil Sherman 0-0: Foul Ball, location: 2F
0-1: SOLO HOME RUN (Flyball, 9D), Distance : 373 ft
Batting: RHB Jon Osterman 0-0: Called Strike
0-1: Foul Ball, location: 2F
0-2: Strikes out swinging
Batting: LHB Kai-ge Choe 0-0: Fly out, F2 (Popup, 25F)
Top of the 1st over - 1 run, 1 hit, 0 errors, 0 left on base; Houston 1 - Greenville 0
BOTTOM OF THE 1ST
Greenville 84s batting - Pitching for Houston 1837 BBC : RHP Gary Mason
Pitching: RHP Gary Mason
Batting: LHB Craig Morgan 0-0: Ball
1-0: Foul Ball, location: 2F
1-1: Ground out 1-3 (Groundball, 15S)
Batting: LHB Danny Trautmann 0-0: Fly out, F9 (Line Drive, 9D)
Batting: RHB Doug Allerdale 0-0: Called Strike
0-1: Swinging Strike
0-2: Strikes out looking
Bottom of the 1st over - 0 runs, 0 hits, 0 errors, 0 left on base; Houston 1 - Greenville 0
TOP OF THE 2ND
Houston 1837 BBC batting - Pitching for Greenville 84s : RHP Júlio Valenzuela
Batting: RHB Bob Dickerson 0-0: Ball
1-0: Ball
2-0: Ground out 1-3 (Groundball, P)
Batting: RHB Joey Trifone 0-0: Ball
1-0: Fly out, F7 (Flyball, 7LMF)
Batting: RHB Juan Chávez 0-0: Swinging Strike
0-1: Foul Ball, location: 2F
0-2: Ball
1-2: Ball
2-2: Foul Ball, location: 2F
2-2: Fly out, F7 (Flyball, 7S)
Top of the 2nd over - 0 runs, 0 hits, 0 errors, 0 left on base; Houston 1 - Greenville 0
BOTTOM OF THE 2ND
Greenville 84s batting - Pitching for Houston 1837 BBC : RHP Gary Mason
Batting: LHB Kanko Umaba 0-0: Ball
1-0: Foul Ball, location: 2F
1-1: Fly out, F7 (Flyball, 7D)
Batting: RHB Edgar Baeza 0-0: Foul Ball, location: 2F
0-1: Swinging Strike
0-2: DOUBLE (Flyball, 8RXD)
Batting: LHB Ron Stewart 0-0: Fly out, F7 (Flyball, 7)
Batting: LHB Ijsbrand Erkelens 0-0: Called Strike
0-1: Ball
1-1: Ground out 4-3 (Groundball, 4M)
Bottom of the 2nd over - 0 runs, 1 hit, 0 errors, 1 left on base; Houston 1 - Greenville 0
TOP OF THE 3RD
Houston 1837 BBC batting - Pitching for Greenville 84s : RHP Júlio Valenzuela
Batting: LHB Owen Sharts 0-0: Fly out, F7 (Line Drive, 78M)
Batting: RHB Komotay Koffie 0-0: Called Strike
0-1: Ground out 5-3 (Groundball, 56S)
Batting: LHB Mike Houston 0-0: Foul Ball, location: 2F
0-1: Foul Ball, location: 2F
0-2: Ground out 4-3 (Groundball, 4)
Top of the 3rd over - 0 runs, 0 hits, 0 errors, 0 left on base; Houston 1 - Greenville 0
BOTTOM OF THE 3RD
Greenville 84s batting - Pitching for Houston 1837 BBC : RHP Gary Mason
Batting: RHB Vito Middendorf 0-0: Foul Ball, location: 2F
0-1: Ball
1-1: Ball
2-1: Called Strike
2-2: SOLO HOME RUN (Flyball, 7D), Distance : 368 ft
Batting: SHB Kai-xi Choe 0-0: Ground out 5-3 (Groundball, 56)
Batting: LHB Craig Morgan 0-0: Ball
1-0: Fly out, F9 (Line Drive, 9D)
Batting: LHB Danny Trautmann 0-0: Ball
1-0: Called Strike
1-1: Foul Ball, location: 2F
1-2: Ball
2-2: Foul Ball, location: 2F
2-2: Strikes out looking
Bottom of the 3rd over - 1 run, 1 hit, 0 errors, 0 left on base; Houston 1 - Greenville 1
TOP OF THE 4TH
Houston 1837 BBC batting - Pitching for Greenville 84s : RHP Júlio Valenzuela
Batting: RHB Phil Sherman 0-0: Called Strike
0-1: Ball
1-1: Foul Ball, location: 2F
1-2: Strikes out swinging
Batting: RHB Jon Osterman 0-0: SINGLE (Groundball, 56) (infield hit)
Batting: LHB Kai-ge Choe 0-0: Foul Ball, location: 2F
0-1: Ball
Jon Osterman steals 2nd base
1-1: Swinging Strike
1-2: Ball
2-2: Foul Ball, location: 2F
2-2: Ball
3-2: Ground out U3 (Groundball, 34)
Jon Osterman to third
Batting: RHB Bob Dickerson 0-0: Ball
1-0: Foul Ball, location: 2F
1-1: Ball
2-1: Foul Ball, location: 2F
2-2: Fly out, F6 (Line Drive, 6)
Top of the 4th over - 0 runs, 1 hit, 0 errors, 1 left on base; Houston 1 - Greenville 1
BOTTOM OF THE 4TH
Greenville 84s batting - Pitching for Houston 1837 BBC : RHP Gary Mason
Batting: RHB Doug Allerdale 0-0: SOLO HOME RUN (Flyball, 7LD), Distance : 347 ft
Batting: LHB Kanko Umaba 0-0: Ball
1-0: Ball
2-0: Ball
3-0: Base on Balls
Batting: RHB Edgar Baeza 0-0: Ball
1-0: Called Strike
1-1: Ball
2-1: Ball
3-1: Called Strike
3-2: Base on Balls
Kanko Umaba to second
Batting: LHB Ron Stewart 0-0: Ball
1-0: Ground out 4-3 (Groundball, 3D)
Kanko Umaba to third
Edgar Baeza to second
Batting: LHB Ijsbrand Erkelens 0-0: Ball
1-0: Fly out, F9 (Flyball, 9S)
Batting: RHB Vito Middendorf 0-0: Foul Ball, location: 2F
0-1: Foul Ball, location: 2F
0-2: Ball
1-2: Strikes out swinging
Bottom of the 4th over - 1 run, 1 hit, 0 errors, 2 left on base; Houston 1 - Greenville 2
TOP OF THE 5TH
Houston 1837 BBC batting - Pitching for Greenville 84s : RHP Júlio Valenzuela
Batting: RHB Joey Trifone 0-0: Ball
1-0: Fly out, F9 (Flyball, 9S)
Batting: RHB Juan Chávez 0-0: Fly out, F9 (Flyball, 89M)
Batting: LHB Owen Sharts 0-0: Ball
1-0: Fly out, F6 (Line Drive, 6M)
Top of the 5th over - 0 runs, 0 hits, 0 errors, 0 left on base; Houston 1 - Greenville 2
BOTTOM OF THE 5TH
Greenville 84s batting - Pitching for Houston 1837 BBC : RHP Gary Mason
Batting: SHB Kai-xi Choe 0-0: Ball
1-0: Called Strike
1-1: Fly out, F9 (Flyball, 9LSF)
Batting: LHB Craig Morgan 0-0: Called Strike
0-1: Swinging Strike
0-2: SINGLE (Line Drive, 3D)
Batting: LHB Danny Trautmann 0-0: Swinging Strike
0-1: Swinging Strike
0-2: Ball
1-2: Fly out, F8 (Flyball, 8LS)
Batting: RHB Doug Allerdale 0-0: Called Strike
0-1: Ball
1-1: Ball
2-1: Foul Ball, location: 2F
2-2: Foul Ball, location: 2F
2-2: Fly out, F9 (Flyball, 9S)
Bottom of the 5th over - 0 runs, 1 hit, 0 errors, 1 left on base; Houston 1 - Greenville 2
TOP OF THE 6TH
Houston 1837 BBC batting - Pitching for Greenville 84s : RHP Júlio Valenzuela
Batting: RHB Komotay Koffie 0-0: Swinging Strike
0-1: Ball
1-1: Ball
2-1: Swinging Strike
2-2: SINGLE (Line Drive, 7LS)
Batting: LHB Mike Houston 0-0: Bunt missed!
0-1: Bunt missed!
0-2: Ball
1-2: Ball
2-2: Ground out 6-3 (Groundball, 6M)
Komotay Koffie to second
Batting: RHB Phil Sherman 0-0: Ground out 5-3 (Groundball, 56)
Batting: RHB Jon Osterman 0-0: Ball
1-0: Ball
2-0: Called Strike
2-1: Ball
3-1: Base on Balls
Batting: LHB Kai-ge Choe 0-0: Fly out, F8 (Flyball, 8LS)
Top of the 6th over - 0 runs, 1 hit, 0 errors, 2 left on base; Houston 1 - Greenville 2
BOTTOM OF THE 6TH
Greenville 84s batting - Pitching for Houston 1837 BBC : RHP Gary Mason
Batting: LHB Kanko Umaba 0-0: Ball
1-0: Called Strike
1-1: Ball
2-1: Foul Ball, location: 2F
2-2: Ball
3-2: Base on Balls
Batting: RHB Edgar Baeza 0-0: Called Strike
0-1: DOUBLE (Flyball, 8LXD)
Kanko Umaba to third
Runner from 3rd tries for Home, SAFE, no throw
Batting: RHB Scott Dourque 0-0: Fly out, F9 (Flyball, 89S)
Batting: LHB Ijsbrand Erkelens 0-0: SINGLE (Flyball, 7S)
Edgar Baeza to third
Batting: RHB Vito Middendorf 0-0: Ball
1-0: SINGLE (Groundball, 6D)
Edgar Baeza scores
Ijsbrand Erkelens to second
Runner from 2nd tries for 3rd, SAFE, throw made to third
Pitching: RHP Martín Valverde
Batting: SHB Kai-xi Choe 0-0: Called Strike
0-1: Ball
1-1: Ball
2-1: Ball
3-1: Fly out, F9 (Flyball, 9)
Runner from 3rd tags up, SCORES, no throw
Batting: LHB Craig Morgan 0-0: Swinging Strike
0-1: Ball
1-1: Called Strike
1-2: Foul Ball, location: 2F
1-2: Ball
2-2: Foul Ball, location: 2F
2-2: Ball
3-2: Base on Balls
Vito Middendorf to second
Batting: LHB Danny Trautmann 0-0: Fielders Choice at 2nd, 6-4 (Groundball, 6)
Bottom of the 6th over - 3 runs, 3 hits, 0 errors, 2 left on base; Houston 1 - Greenville 5
TOP OF THE 7TH
Houston 1837 BBC batting - Pitching for Greenville 84s : RHP Júlio Valenzuela
Now in CF: Scott Dourque
Batting: RHB Bob Dickerson 0-0: Called Strike
0-1: Foul Ball, location: 2F
0-2: Fly out, F8 (Line Drive, 8RD)
Batting: RHB Joey Trifone 0-0: Ball
1-0: Ball
2-0: Called Strike
2-1: SINGLE (Flyball, 89S)
Batting: RHB Juan Chávez 0-0: Ball
1-0: Fly out, F7 (Flyball, 7S)
Batting: LHB Owen Sharts 0-0: Called Strike
0-1: Foul Ball, location: 2F
0-2: Foul Ball, location: 2F
0-2: Ball
1-2: Fielders Choice at 2nd, 6-4 (Groundball, 6)
Top of the 7th over - 0 runs, 1 hit, 0 errors, 1 left on base; Houston 1 - Greenville 5
BOTTOM OF THE 7TH
Greenville 84s batting - Pitching for Houston 1837 BBC : RHP Martín Valverde
Batting: RHB Doug Allerdale 0-0: SINGLE (Groundball, 34D)
Batting: LHB Kanko Umaba 0-0: Ball
1-0: Ball
2-0: Foul Ball, location: 2F
2-1: Fly out, F7 (Flyball, 7)
Batting: RHB Edgar Baeza 0-0: Grounds into double play, 4-6-3 (Groundball, 4)
Bottom of the 7th over - 0 runs, 1 hit, 0 errors, 0 left on base; Houston 1 - Greenville 5
TOP OF THE 8TH
Houston 1837 BBC batting - Pitching for Greenville 84s : RHP Júlio Valenzuela
Batting: RHB Komotay Koffie 0-0: Foul Ball, location: 2F
0-1: Ground out 6-3 (Groundball, 6M)
Pitching: RHP Ash Wooden
Batting: LHB Mike Houston 0-0: Foul Ball, location: 2F
0-1: Foul Ball, location: 2F
0-2: Ball
1-2: Ball
2-2: Ball
3-2: Fly out, F9 (Line Drive, 9LD)
Batting: RHB Phil Sherman 0-0: Called Strike
0-1: Ball
1-1: Swinging Strike
1-2: Foul Ball, location: 2F
1-2: Foul Ball, location: 2F
1-2: Strikes out swinging
Top of the 8th over - 0 runs, 0 hits, 0 errors, 0 left on base; Houston 1 - Greenville 5
BOTTOM OF THE 8TH
Greenville 84s batting - Pitching for Houston 1837 BBC : RHP Martín Valverde
Batting: RHB Scott Dourque 0-0: Ball
1-0: Ground out 5-3 (Groundball, 56)
Batting: LHB Ijsbrand Erkelens 0-0: Ball
1-0: Ground out 6-3 (Groundball, 6)
Batting: RHB Vito Middendorf 0-0: Swinging Strike
0-1: Called Strike
0-2: Strikes out looking
Bottom of the 8th over - 0 runs, 0 hits, 0 errors, 0 left on base; Houston 1 - Greenville 5
TOP OF THE 9TH
Houston 1837 BBC batting - Pitching for Greenville 84s : RHP Ash Wooden
Pitching: LHP Brandeis Vogt
Batting: RHB Jon Osterman 0-0: Called Strike
0-1: Ball
1-1: Fly out, F7 (Flyball, 7S)
Batting: LHB Kai-ge Choe 0-0: Ball
1-0: SOLO HOME RUN (Line Drive, 9LD), Distance : 367 ft
Batting: RHB Bob Dickerson 0-0: Ball
1-0: Ball
2-0: Fly out, F5 (Popup, 5F)
Batting: RHB Joey Trifone 0-0: SOLO HOME RUN (Line Drive, 7LD), Distance : 361 ft
Batting: RHB Juan Chávez 0-0: Ball
1-0: Foul Ball, location: 2F
1-1: Ground out 5-3 (Groundball, 2L)
Top of the 9th over - 2 runs, 2 hits, 0 errors, 0 left on base; Houston 3 - Greenville 5
Friday, March 29th, 2019 - OOTP Baseball 18.8 Build 76